AoeStats
← Lelouch9640

Arabia

509927440Analyzed
1v1 RM · 2d ago on Sep 28, 2026· 57m 11s· 2 players
Game mode
Random Map
Map size
Tiny (2 player)
Population
200
Speed
Normal
Resources
Standard
Victory
Conquest
Starting age
Dark Age
Ending age
Imperial Age
RankedLock teamsTeams togetherTeam positionsShared explorationLock speedFull tech treeHidden civsTurbo modeCheats
Victory
Defeat
🇩🇪 Persians · Germany
1268
+18
🇫🇷 Mongols · France
1313
-18
Lelouch9640
6:23 Loom
9:02 Feudal Age
9:28 Double-Bit Axe
16:27 Fletching
21:12 Castle Age
20:25 Bloodlines
21:56 Wheelbarrow
21:29 Scale Barding Armor
21:08 Horse Collar
21:41 Forging
21:55 Husbandry
25:15 Chain Barding Armor
27:27 Town Watch
30:44 Iron Casting
34:48 Bow Saw
38:36 Hand Cart
42:59 Imperial Age
42:15 Bodkin Arrow
42:29 Light Cavalry
42:35 Light Cavalry
44:03 Conscription
44:23 Conscription
43:46 Hussar
44:08 Capped Ram
46:18 Conscription
46:27 Bracer
47:28 Blast Furnace
48:55 Thumb Ring
49:57 Chemistry
50:08 Pikeman
52:07 Squires
53:48 Scale Mail Armor
55:02 Ballistics
56:37 Chain Mail Armor
Legnitor
5:49 Loom
8:55 Feudal Age
10:04 Double-Bit Axe
12:03 Horse Collar
15:30 Fletching
21:41 Castle Age
21:11 Bloodlines
21:47 Scale Barding Armor
22:46 Gold Mining
23:35 Wheelbarrow
23:57 Chain Barding Armor
24:04 Husbandry
25:40 Forging
28:09 Iron Casting
28:08 Bow Saw
33:25 Town Watch
36:38 Imperial Age
35:06 Gold Shaft Mining
36:41 Hand Cart
36:25 Heavy Camel Rider
39:29 Stone Mining
42:33 Plate Barding Armor
43:03 Blast Furnace
42:44 Town Watch
43:43 Bodkin Arrow
43:38 Elite Skirmisher
45:20 Chemistry
48:03 Padded Archer Armor
49:05 Ballistics
48:55 Masonry
48:41 Murder Holes
50:31 Conscription
54:21 Light Cavalry
56:32 Town Patrol
57:01 Leather Archer Armor
Connection lost

Rejoining the realm…

Still unreachable

The connection could not be restored.

Session expired

The server has moved on; the page needs a fresh start.